 Dungeon Crawl Stone Soup version 0.28-a0-793-g31680bbd8b (webtiles) character file.

Game seed: 774973969765113324

2936 Essalna the Firebug (level 9, -3/52 HPs)
             Began as a Gargoyle Fire Elementalist on Nov 5, 2021.
             Slain by an orc knight (15 damage)
             ... in a bailey.
             The game lasted 00:17:57 (7889 turns).

Essalna the Firebug (Gargoyle Fire Elementalist)    Turns: 7889, Time: 00:17:57

Health: -3/52      AC: 23    Str: 12    XL:     9   Next: 80%
Magic:  3/18       EV: 27    Int: 19    God:
Gold:   1348       SH:  4    Dex: 10    Spells: 13/20 levels left

rFire   . . .      SeeInvis .   s - staff of death
rCold   . . .      Faith    .   f - +0 buckler
rNeg    + + .      Spirit   .   v - +0 troll leather armour
rPois   ∞          Reflect  .   (no helmet)
rElec   +          Harm     .   (no cloak)
rCorr   .          Rampage  .   c - +1 pair of gloves {Stlth+}
Will    .....                   w - +1 pair of boots
Stlth   +++.......              q - amulet of the acrobat
HPRegen 1.17/turn               o - +4 ring of protection
MPRegen 0.16/turn               u - +4 ring of protection

@: mighty, acrobatic
A: sickness immunity, AC +6, negative energy resistance 1, electricity
resistance, torment resistance 1, petrification resistance
a: no special abilities


You were in a bailey.
You visited 2 branches of the dungeon, and saw 8 of its levels.
You also visited: Bailey.

You collected 1348 gold pieces.

Inventory:

Armour
 a - a +0 robe
 c - a +1 pair of gloves of stealth (worn)
 f - a +0 buckler (worn)
 t - a +0 leather armour of willpower
 v - a +0 troll leather armour (worn)
 w - a +1 pair of boots (worn)
Magical Staves
 s - a staff of death (weapon)
Jewellery
 b - a ring of flight
 o - a +4 ring of protection (left hand)
 q - an amulet of the acrobat (around neck)
 u - a +4 ring of protection (right hand)
 y - a ring of protection from fire
Scrolls
 e - a scroll of enchant armour
 g - 2 scrolls of vulnerability {unknown}
 h - 3 scrolls of teleportation {unknown}
 i - a scroll of magic mapping
 m - 2 scrolls of identify
 A - 3 scrolls of enchant weapon
Potions
 j - 2 potions of flight
 k - a potion of degeneration {unknown}
 l - 3 potions of heal wounds
 n - a potion of lignification {unknown}
 p - a potion of resistance
 r - 2 potions of invisibility {unknown}
 x - a potion of mutation {unknown}
 z - 2 potions of haste
 B - 2 potions of ambrosia {unknown}
 C - a potion of berserk rage {unknown}


   Skills:
 + Level 4.0 Fighting
 + Level 3.9 Armour
 + Level 3.5 Dodging
 - Level 2.1 Stealth
 - Level 4.0 Shields
 + Level 6.0 Spellcasting
 + Level 6.7 Conjurations
 + Level 6.9 Fire Magic


You had 13 spell levels left.
You knew the following spells:

 Your Spells              Type           Power      Damage    Failure   Level
a - Foxfire               Conj/Fire      100%       2x1d9     1%          1
b - Scorch                Fire           62%        2d8       1%          2
c - Flame Wave            Conj/Fire      31%        3d7       9%          4

Your spell library contained the following spells:

 Spells                   Type           Power      Damage    Failure   Level
 Conjure Flame            Conj/Fire      31%        6-21      2%          3
 Inner Flame              Hex/Fire       18%        N/A       11%         3
 Animate Skeleton         Necr           16%        N/A       14%         1
 Apportation              Tloc           10%        N/A       14%         1
 Summon Small Mammal      Summ           20%        N/A       14%         1
 Fireball                 Conj/Fire      15%        3d8       24%         5
 Starburst                Conj/Fire      15%        6d6       78%         6
 Ignition                 Fire           15%        3d6       100%        8


Dungeon Overview and Level Annotations

Branches:
Dungeon (7/15)             Temple (1/1) D:6          Bailey (1/1)

Altars:
Ashenzari
Cheibriados
Elyvilon
Fedhas
Gozag
Hepliaklqana
Kikubaaqudgha
Nemelex Xobeh
Okawaru
Ru
Sif Muna
Trog
Uskayaw
Wu Jian
Xom
Yredelemnul
Zin
The Shining One


Innate Abilities, Weirdness & Mutations

You are immune to sickness and miasma.
Your stone body is resilient. (AC +6)
You are immune to poison.
You resist negative energy. (rN+)
You are resistant to electric shocks. (rElec)
You are resistant to unholy torment.
You are immune to petrification.


Message History

Casting: Flame Wave (dangerous; 9% risk of failure)
Confirm with . or Enter, or press ? or * to list all spells.
You don't have enough magic to cast this spell.
Unknown command.
The orc knight misses you.
There is an open door here.
Things that are here:
a +4 halberd; a +0 crystal plate armour; a +0 war axe Your magical contamination has completely faded away.
Things that are here:
a +0 halberd; a +0 ring mail It was a potion of might.
You feel very mighty all of a sudden. You block the orc knight's attack.
The orc knight hits you with a +0 halberd!
Casting: Flame Wave (dangerous; 9% risk of failure)
Confirm with . or Enter, or press ? or * to list all spells.
You conjure some foxfire!
The orc knight hits you but does no damage.
You hit the orc knight.
The orc knight is heavily wounded.
The foxfire hits the orc knight but does no damage.
The orc knight is heavily wounded.
The foxfire hits the orc knight.
The orc knight is severely wounded.
The orc knight hits you with a +0 halberd!
Casting: Foxfire (safe; 1% risk of failure)
Confirm with . or Enter, or press ? or * to list all spells.
You conjure some foxfire!
The orc knight hits you with a +0 halberd!
You barely miss the orc knight.
The orc knight is severely wounded.
The foxfire hits the orc knight but does no damage.
The orc knight is severely wounded.
The foxfire hits the orc knight.
The orc knight is severely wounded.
The orc knight hits you with a +0 halberd!
* * * LOW HITPOINT WARNING * * *
The orc knight hits you from afar with a +0 halberd!
You die...

###### ############
.....## ##........∩.##
......######....))).....#
......#....#.....))).)..#
.).)..'.)..)..o.@.)))).∩#
......#....#..)).)).....#
......######............#
.....## ##........∩.##
###### ############


You could see an orc knight.

Vanquished Creatures
  An orc knight (Bailey)
  A troll (D:6)
  A steam dragon (D:6)
  10 orc warriors (Bailey)
  2 ogres
  A centaur (D:5)
  Blork the orc (D:6)
  A bullfrog (D:6)
  A water moccasin zombie (D:5)
  2 scorpions (D:4)
  A water moccasin skeleton (D:5)
  A howler monkey (D:5)
  4 wights (D:7)
  2 hounds
  An orc priest (D:5)
  A jelly (D:5)
  A centaur skeleton (D:7)
  An iguana (D:6)
  An orc wizard (D:5)
  4 adders
  A shadow imp (D:5)
  A white imp (D:7)
  2 worms
  2 dart slugs
  37 orcs
  2 endoplasms
  3 giant cockroaches
  5 goblins
  7 hobgoblins
  4 quokkas
  12 ball pythons
  4 bats
  2 frilled lizards
  A kobold (D:1)
  6 rats
127 creatures vanquished.

Vanquished Creatures (others)
  551 foxfires
551 creatures vanquished.

Grand Total: 678 creatures vanquished

Notes
Turn   | Place    | Note
-------+----------+-------------------------------------------
     0 | D:1      | Essalna the Gargoyle Fire Elementalist began the quest for
                  | the Orb.
     0 | D:1      | Reached XP level 1. HP: 10/10 MP: 3/3
   323 | D:1      | Reached XP level 2. HP: 14/15 MP: 0/5
  1065 | D:2      | Found a hazy altar of Hepliaklqana.
  1181 | D:2      | Reached XP level 3. HP: 19/19 MP: 0/6
  2468 | D:3      | Reached XP level 4. HP: 24/24 MP: 3/8
  2522 | D:3      | Learned a level 2 spell: Scorch
  2639 | D:3      | Found a faded altar of an unknown god.
  2761 | D:3      | Found a snail-covered altar of Cheibriados.
  3364 | D:4      | Noticed a scorpion
  3377 | D:4      | Killed a scorpion
  3378 | D:4      | Reached XP level 5. HP: 18/28 MP: 0/9
  3488 | D:4      | Noticed an ogre
  3495 | D:4      | Killed an ogre
  3953 | D:5      | Entered Level 5 of the Dungeon
  4116 | D:4      | Reached XP level 6. HP: 32/32 MP: 2/11
  4565 | D:6      | Reached skill level 5 in Fire Magic
  4565 | D:6      | Reached XP level 7. HP: 33/36 MP: 11/13
  4641 | D:6      | Learned a level 4 spell: Flame Wave
  4676 | D:6      | Found a staircase to the Ecumenical Temple.
  4677 | D:6      | Noticed a troll
  4683 | D:6      | Noticed Blork the orc
  4684 | D:6      | Killed a troll
  4685 | D:6      | Reached skill level 5 in Conjurations
  4896 | Temple   | Entered the Ecumenical Temple
  5181 | D:6      | Found an ancient bone altar of Kikubaaqudgha.
  5464 | D:6      | Noticed a steam dragon
  5502 | D:5      | Reached XP level 8. HP: 42/42 MP: 10/15
  5625 | D:5      | Reached skill level 1 in Armour
  5625 | D:5      | Reached skill level 1 in Shields
  5627 | D:5      | Reached skill level 1 in Fighting
  6147 | D:5      | Reached skill level 5 in Spellcasting
  6281 | D:6      | Killed Blork the orc
  6555 | D:7      | Identified 2 scrolls of acquirement
  6555 | D:7      | Acquired 1002 gold pieces
  6559 | D:7      | Acquired a +1 pair of gloves of stealth
  6708 | D:7      | Found a flagged portal.
  6715 | Bailey   | Entered a bailey
  6948 | Bailey   | Reached XP level 9. HP: 44/49 MP: 5/17
  7208 | Bailey   | Acquired a book of Fire
  7568 | Bailey   | Noticed an orc knight
  7631 | Bailey   | Noticed an orc knight
  7691 | Bailey   | Killed an orc knight
  7889 | Bailey   | Slain by an orc knight

Illustrated notes

Levels and vault maps discovered:
D:1:      mrwooster_arrival_statue_3, layout_basic, bh_walls_and_bars
D:2:      layout_basic, basic_altar
D:3:      layout_loops_ring, chei_slow_surprise,
          chequers_ecumenical_altar_simple_redux
D:4:      layout_cave_pools
D:5:      layout_loops_ring, chequers_serial_rivers_marsh
D:6:      layout_loops_cross, kiku_gazebo_garden_becter,
          minmay_temple_entry_stoned_glass, uniq_blork_the_orc
D:7:      layout_cave_pools, enter_bailey_3, kennysheep_generic_room_2
Temple:   regret_index_temple_sphere_string
Bailey:   bailey_polearm_5, bailey

Skill      XL: |  1  2  3  4  5  6  7  8  9 |
---------------+----------------------------+-----
Conjurations   | 2 3 4 5 6 |  6.7
Spellcasting   | 3 4 5 6 |  6.0
Fire Magic     | 4 5 6 |  6.9
Armour         | 2 3 |  3.9
Shields        | 2 4 |  4.0
Fighting       | 2 4 |  4.0
Dodging        | 2 3 |  3.5
Stealth        | |  2.1

Action                   |  1- 3 |  4- 6 |  7- 9 || total
-------------------------+-------+-------+-------++-------
Melee: Unarmed           |    57 |    10 |       ||    67
       Staff             |       |    13 |    23 ||    36
 Cast: Foxfire           |    96 |    55 |   175 ||   326
       Scorch            |       |    11 |    31 ||    42
       Flame Wave        |       |       |     7 ||     7
Evoke: Wand              |       |       |     8 ||     8
  Use: Scroll            |       |       |     8 ||     8
       Potion            |       |       |     1 ||     1
Armor: Robe              |    14 |    14 |     5 ||    33
       Troll leather arm |       |       |    31 ||    31
Dodge: Dodged            |    52 |    29 |    55 ||   136
Block: Buckler           |       |       |    16 ||    16

Table legend: (Time is in decaauts)
 A = Elapsed time spent in this place.
 B = Non-inter-level travel time spent in this place.
 C = Inter-level travel time spent in this place.
 D = Time resting spent in this place.
 E = Time spent auto-exploring this place.
 F = Levels seen in this place.
 G = Mean time per level.
                   A        B        C        D        E       F      G
               +--------+--------+--------+--------+--------+-----+--------+
         Total |   7903 |   7646 |    257 |    278 |   6110 |   9 |  878.1 |
       Dungeon |   6547 |   6317 |    230 |    278 |   5174 |   7 |  935.3 |
        Temple |    179 |    152 |     27 |      0 |    138 |   1 |  179.0 |
        Bailey |   1176 |   1176 |      0 |      0 |    798 |   1 | 1176.0 |
               +--------+--------+--------+--------+--------+-----+--------+

Top non-repeatable levels by time:
     D:6: 1225 daAuts
     D:3: 1181 daAuts
  Bailey: 1176 daAuts
     D:4: 1059 daAuts
     D:1: 1056 daAuts
     D:5: 1047 daAuts
     D:2: 901 daAuts
  Temple: 179 daAuts
     D:7: 76 daAuts
